 Dungeon Crawl Stone Soup version 0.29.1-13-g9f3cf754e1 (webtiles) character file.

Game seed: 11827897231336707554

4 bubby the Grasshopper (level 1, 17/17 HPs)
             Began as a Ghoul Warper on Jan 19, 2023.
             Quit the game on level 1 of the Dungeon.
             The game lasted 00:00:51 (147 turns).

bubby the Grasshopper (Ghoul Warper)                 Turns: 147, Time: 00:00:51

Health: 17/17      AC:  3    Str: 14    XL:     1   Next: 70%
Magic:  2/2        EV: 11    Int:  8    God:
Gold:   45         SH:  0    Dex:  8    Spells: 3/3 levels left

rFire   . . .      SeeInvis .   a - +0 spear
rCold   + . .      Faith    .   (no shield)
rNeg    + + +      Spirit   .   b - +0 leather armour
rPois   ∞          Reflect  .   (no helmet)
rElec   .          Harm     .   (no cloak)
rCorr   .          Rampage  .   (no gloves)
Will    .....                   (no boots)
Stlth   +.........              (no amulet)
HPRegen 0.05/turn               (no ring)
MPRegen 0.08/turn               (no ring)

@: no status effects
A: claws 1, cold resistance 1, negative energy resistance 3, inhibited
regeneration, torment resistance 2, devour on kill
a: no special abilities


You were on level 1 of the Dungeon.
You visited 1 branch of the dungeon, and saw 1 of its levels.

You collected 45 gold pieces.

Inventory:

Hand Weapons
 a - a +0 spear (weapon)
Missiles
 d - 7 boomerangs of dispersal (quivered)
Armour
 b - a +0 leather armour (worn)
Scrolls
 c - a scroll of blinking
 e - a scroll of noise {unknown}
Potions
 f - a potion of invisibility {unknown}


   Skills:
 + Level 2.2 Fighting
 + Level 1.8 Polearms
 + Level 0.9 Throwing
 + Level 1.0 Armour
 + Level 1.8 Dodging
 + Level 1.9 Spellcasting
 + Level 2.7 Translocations


You had 3 spell levels left.
You didn't know any spells.
Your spell library contained the following spells:

 Spells                   Type           Power      Damage    Failure   Level
 Blink                    Tloc           10%        N/A       22%         2
 Gell's Gravitas          Tloc           5%         N/A       41%         3
 Lesser Beckoning         Tloc           5%         N/A       41%         3
 Teleport Other           Tloc           5%         N/A       41%         3
 Manifold Assault         Tloc           5%         N/A       99%         5


Dungeon Overview and Level Annotations

Branches:
Dungeon (1/15)

Altars:

Shops:
D:1 :


Innate Abilities, Weirdness & Mutations

You are immune to poison.
You have sharp fingernails.
Your flesh is cold resistant. (rC+)
You are immune to negative energy. (rN+++)
You do not regenerate when monsters are visible.
You are immune to unholy pain and torment.
You thrive by killing the living.


Message History

No target in view!
A hobgoblin comes into view.
Found 4 stones.
The hobgoblin shouts!
Found Vaopn's Book Boutique.
You closely miss the hobgoblin. The hobgoblin hits you.
You barely miss the hobgoblin. The hobgoblin misses you.
You barely miss the hobgoblin. The hobgoblin barely misses you.
You hit the hobgoblin.
The hobgoblin is lightly wounded.
The hobgoblin hits you.
You closely miss the hobgoblin.
The hobgoblin is lightly wounded.
The hobgoblin barely misses you.
You hit the hobgoblin. Your claw misses the hobgoblin.
The hobgoblin is almost dead.
The hobgoblin hits you but does no damage.
You barely miss the hobgoblin.
The hobgoblin is almost dead.
The hobgoblin hits you.
You hit the hobgoblin.
You kill the hobgoblin!
No target in view!
HP restored.
There is an entrance to Vaopn's Book Boutique here.
No target in view!
A bat comes into view.
You reach to attack!
You hit the bat.
You kill the bat!
Your Armour skill increases to level 1!
No target in view!
Found a robe.
You see here a +0 robe.
Found a dagger.
A ball python comes into view.
The ball python hisses angrily.
You reach to attack!
You hit the ball python.
You kill the ball python!
No target in view!
Are you sure you want to abandon this character and quit the game? (Confirm with "yes".)

.### ...# ### .##.# ..#
##.##.## #.# ###... ...
#.# .##.####.# #.# #
#..†.....#####.#### ..#
##...........[....#.....
#.#.###..###.###@.......
..#......# #.# #........
#.#.(....# #.# #........
#.#...#.## #.. .........
#∩......# ... ....#....
###...### .##.##..####.
#...# . . .). #...# #.
#.# .### #...#


There were no monsters in sight!

Vanquished Creatures
  A ball python (D:1)
  An endoplasm (D:1)
  A hobgoblin (D:1)
  A bat (D:1)
4 creatures vanquished.

Notes
Turn   | Place    | Note
-------+----------+-------------------------------------------
     0 | D:1      | bubby the Ghoul Warper began the quest for the Orb.
     0 | D:1      | Reached XP level 1. HP: 17/17 MP: 2/2
    47 | D:1      | Found Vaopn's Book Boutique.
   126 | D:1      | Reached skill level 1 in Armour
   147 | D:1      | Quit the game

Illustrated notes

Levels and vault maps discovered:
D:1:      minmay_arrival_four_circles, layout_loops_cross,
          shapermc_ecumenical_altar_rom_forum, serial_shops, shop

Skill      XL: |  1 |
---------------+----+-----
Armour         | 1 |  1.0
Fighting       | |  2.2
Polearms       | |  1.8
Throwing       | |  0.9
Dodging        | |  1.8
Spellcasting   | |  1.9
Translocations | |  2.7

Action                   || total
-------------------------++-------
Melee: Spear             ||    16
Armor: Leather armour    ||     3
Dodge: Dodged            ||     3
